 Dungeon Crawl Stone Soup version 0.18.1-6-gd335043 (webtiles) character file.

247 epen the Agent of Entropy (level 5, 0/41 HPs)
             Began as a Demonspawn Abyssal Knight on May 19, 2016.
             Was a Priest of Lugonu.
             Killed from afar by an orc wizard (6 damage)
             ... with a puff of frost
             ... on level 3 of the Dungeon.
             The game lasted 00:04:05 (1915 turns).

epen the Agent of Entropy (DsAK)                    Turns: 1915, Time: 00:04:09

Health: 0/41       AC: 10    Str: 21    XL:     5   Next: 85%
Magic:  8/8        EV: 10    Int: 13    God:    Lugonu [***...]
Gold:   100        SH:  0    Dex: 12    Spells: 0 memorised, 4 levels left

rFire  + . .     SeeInvis .     a - +1 falchion
rCold  + . .     Gourm    .     m - +0 scale mail
rNeg   . . .     Faith    .     (no shield)
rPois  +         Spirit   .     (helmet restricted)
rElec  +         Dismiss  .     (no cloak)
rCorr  +         Reflect  .     (no gloves)
SustAt .         Harm     .     (no boots)
MR     .....                    (no amulet)
Stlth  +.........               (no ring)
                                (no ring)

@: mighty, resistant, not resistant to hostile enchantments, very unstealthy
A: horns 1, iridescent scales 1, blink, nightstalker 1, powered by death 1,
strong 1
a: Blink, Depart the Abyss, Bend Space, Banish, Renounce Religion


You were on level 3 of the Dungeon.
You worshipped Lugonu.
Lugonu was most pleased with you.
You were not hungry.

You visited 1 branch of the dungeon, and saw 3 of its levels.
You visited the Abyss 1 time.

You collected 100 gold pieces.

Inventory:

Hand Weapons
 a - a +1 falchion (weapon)
Armour
 b - a +0 leather armour
 m - a +0 scale mail (worn)
Jewellery
 i - an uncursed ring of resist corrosion {unknown}
Scrolls
 e - 2 scrolls of amnesia {unknown}
 g - a scroll of recharging {unknown}
 h - a scroll of identify {unknown}
 n - a scroll of enchant weapon {unknown}
Potions
 d - a potion of mutation
 l - a potion of flight {unknown}
Comestibles
 c - a bread ration
 f - 3 fruits
 o - 7 chunks of flesh


   Skills:
 + Level 3.6 Fighting
 * Level 3.6 Long Blades
 + Level 2.3 Armour
 + Level 2.0 Dodging
 * Level 4.6 Invocations


You had 4 spell levels left.
You didn't know any spells.

Dungeon Overview and Level Annotations

Branches:
Dungeon (3/15)

Altars:


Innate Abilities, Weirdness & Mutations

You are partially covered in iridescent scales (AC +4).
You are slightly more attuned to the shadows.
You regenerate a little health from kills.
You have a pair of small horns on your head.
You can translocate small distances at will.
Your muscles are strong. (Str +2)


Message History

It was a potion of resistance.
You feel protected.
The orc wizard hits you but does no damage.
You completely miss the orc wizard. You headbutt the orc wizard.
The orc wizard is severely wounded.
The orc wizard barely misses you. The orc wizard closely misses you.
The orc hits you but does no damage. Something hits you but does no damage.
Your scale mail prevents you from hitting the orc wizard.
The orc wizard is severely wounded.
The orc wizard hits you but does no damage.
Something hits you but does no damage.
The orc wizard hits you but does no damage.
The orc hits you but does no damage.
You barely miss the orc wizard. You headbutt the orc wizard!
You kill the orc wizard!
Lugonu accepts your kill.
You hear some strange, mumbled words.
A puff of frost appears from out of thin air!
The puff of frost hits you! You resist.
You die...

## ######.#### #.......#
#.# . #.##.##.# #.##### ..
#.##..#.####...... ...
#.###.#..........# ....
##........###.##..#
.....####......(.o###.....#
.....'.).o..........(......
.....####o@.##.##.###.#...#
.... ##)....##.g...o....
... #...#.##.###o)oo.. .o
##...###.# #.##.#. +
#.......# #.##.#. #.######
#...o#g .# #.##.o. #.##g#.
#......


You could see 2 orcs.

Vanquished Creatures
  3 orc wizards (D:3)
  7 gnolls
  An adder (D:2)
  An ooze (D:2)
  A worm (D:2)
  2 dart slugs (D:2)
  4 orcs (D:3)
  4 bats
  5 giant cockroaches
  8 goblins
  5 hobgoblins
  14 jackals
  7 kobolds
  A ball python (D:2)
  2 giant newts
  2 rats
67 creatures vanquished.

Notes
Turn   | Place    | Note
--------------------------------------------------------------
     0 | Abyss:1  | epen the Demonspawn Abyssal Knight began the quest for the Orb.
     0 | Abyss:1  | Reached XP level 1. HP: 18/18 MP: 2/2
    49 | Abyss:1  | Noticed a small abomination
    68 | Abyss:1  | Noticed an efreet
    69 | D:1      | Escaped the Abyss
    88 | D:1      | Reached skill level 1 in Dodging
   127 | D:1      | Reached * piety under Lugonu
   143 | D:1      | Gained mutation: You are slightly more attuned to the shadows. [demonic ancestry]
   143 | D:1      | Reached XP level 2. HP: 11/24 MP: 4/4
   454 | D:1      | Reached skill level 3 in Invocations
   775 | D:1      | Gained mutation: You regenerate a little health from kills. [demonic ancestry]
   775 | D:1      | Reached XP level 3. HP: 28/29 MP: 5/5
   872 | D:2      | Reached ** piety under Lugonu
   977 | D:2      | Gained mutation: You have a pair of small horns on your head. [potion of mutation]
   977 | D:2      | Gained mutation: You can translocate small distances at will. [potion of mutation]
   977 | D:2      | Gained mutation: Your muscles are strong. (Str +2) [potion of mutation]
   981 | D:2      | Gained mutation: You are partially covered in iridescent scales (AC +4). [demonic ancestry]
   981 | D:2      | Reached XP level 4. HP: 6/35 MP: 6/6
  1823 | D:3      | Reached *** piety under Lugonu
  1831 | D:3      | Reached skill level 4 in Invocations
  1831 | D:3      | Reached XP level 5. HP: 33/41 MP: 6/8
  1915 | D:3      | Killed from afar by an orc wizard

Skill      XL: |  1  2  3  4  5 |
---------------+----------------+-----
Dodging        | 1 2 |  2.0
Long Blades    | 2 3 |  3.6
Invocations    | 3 4 |  4.6
Armour         | 2 |  2.3
Fighting       | |  3.6

Action                   |  1- 3 |  4- 6 || total
-------------------------+-------+-------++-------
Melee: Falchion          |    94 |   124 ||   218
       Headbutt          |       |    24 ||    24
Invok: Depart the Abyss  |     1 |       ||     1
 Abil: Blink             |       |     1 ||     1
  Use: Potion            |     1 |     2 ||     3
 Stab: Sleeping          |     3 |     4 ||     7
  Eat: Chunk             |     1 |     3 ||     4
Armor: Leather armour    |    30 |    26 ||    56
       Scale mail        |       |    34 ||    34
Dodge: Dodged            |    87 |    65 ||   152
